 Dungeon Crawl Stone Soup version 0.21-a0-508-gf08a75f (webtiles) character file.

20 BruiteIIa the Charmwright (level 2, -1/26 HPs)
             Began as a Gnoll Skald on Nov 28, 2017.
             Slain by a rat (3 damage)
             ... on level 1 of the Dungeon.
             The game lasted 00:02:10 (474 turns).

BruiteIIa the Charmwright (Gnoll Skald)              Turns: 474, Time: 00:02:11

Health: -1/26      AC:  3    Str: 10 (13) XL:     2   Next: 79%
Magic:  5/7        EV: 13    Int: 13 (15) God:
Gold:   0          SH:  0    Dex: 13 (14) Spells: 9/10 levels left

rFire    . . .     SeeInvis .   a - +0 mace
rCold    . . .     Gourm    .   (no shield)
rNeg     . . .     Faith    .   b - +0 leather armour
rPois    .         Spirit   .   (no helmet)
rElec    .         Reflect  .   (no cloak)
rCorr    .         Harm     .   (no gloves)
MR       .....                  (no boots)
Stlth    +.........             (no amulet)
HPRegen  0.08/turn              (no ring)
MPRegen  0.10/turn              (no ring)

@: infused (expiring)
A: distributed training, fangs 1, strong nose
a: no special abilities


You were on level 1 of the Dungeon.
You were not hungry.

You visited 1 branch of the dungeon, and saw 1 of its levels.

Inventory:

Hand Weapons
 a - a +0 mace (weapon)
Armour
 b - a +0 leather armour (worn)
Scrolls
 e - a scroll of remove curse {unknown}
Potions
 f - a potion of degeneration
Books
 c - a book of Battle

   Spells                             Type                      Level
   a - Infusion                       Charms                       1
   b - Shroud of Golubria             Charms/Translocation         2
   c - Song of Slaying                Charms                       2
   d - Spectral Weapon                Hexes/Charms                 3
   e - Regeneration                   Charms/Necromancy            3
Comestibles
 d - 2 bread rations


   Skills:
 + Level 4.5 Fighting
 + Level 0.5 Short Blades
 + Level 0.5 Long Blades
 + Level 0.5 Axes
 + Level 4.5 Maces & Flails
 + Level 0.5 Polearms
 + Level 0.5 Staves
 + Level 0.5 Slings
 + Level 0.5 Bows
 + Level 0.5 Crossbows
 + Level 0.5 Throwing
 + Level 2.5 Armour
 + Level 4.5 Dodging
 + Level 0.5 Stealth
 + Level 0.5 Shields
 + Level 0.5 Unarmed Combat
 + Level 4.9 Spellcasting
 + Level 0.3 Conjurations
 + Level 0.3 Hexes
 + Level 5.3 Charms
 + Level 0.3 Summonings
 + Level 0.3 Necromancy
 + Level 0.3 Translocations
 + Level 0.3 Transmutations
 + Level 0.3 Fire Magic
 + Level 0.3 Ice Magic
 + Level 0.3 Air Magic
 + Level 0.3 Earth Magic
 + Level 0.3 Poison Magic
 + Level 0.6 Invocations
 + Level 0.5 Evocations


You had 9 spell levels left.
You knew the following spells:

 Your Spells              Type           Power        Failure   Level  Hunger
a - Infusion              Chrm           ###.         2%          1    None


Dungeon Overview and Level Annotations

Branches:
Dungeon (1/15)

Altars:


Innate Abilities, Weirdness & Mutations

Your experience applies equally to all skills.
You have very sharp teeth.
Your uncanny sense of smell can sniff out nearby items.


Message History

* * * LOW HITPOINT WARNING * * *
The leopard gecko completely misses you.
It was a potion of degeneration.
There was something very wrong with that liquid.
You feel weakened.
You feel dopey.
You feel clumsy. The leopard gecko bites you.
* * * LOW HITPOINT WARNING * * *
You are too injured to fight recklessly!
You are too injured to fight recklessly!
You are too injured to fight recklessly!
You are too injured to fight recklessly!
You sock the leopard gecko!
You kill the leopard gecko!
The kobold closely misses you.
You hit the kobold.
You kill the kobold!
You barely miss the rat.
Your magical infusion is running out.
The rat bites you.
You die...

.(...............#####......
.........#...........#.......
.........#...........#........
.........#...........#.........
..................÷)...........
.....##........................
..##....#....###...............
..##....#.######r###...........
..##...........#@###...........
...#.........#.#.#.............
...#.....÷...#...#.####........
....)........####...###........
.............###..8..##........
.............##.......#........
............##.................
..÷.........#.....8............
............#.....<............


You could see a rat.

Vanquished Creatures
  An ooze (D:1)
  A leopard gecko (D:1)
  3 bats (D:1)
  2 giant cockroaches (D:1)
  3 hobgoblins (D:1)
  2 kobolds (D:1)
  A rat (D:1)
13 creatures vanquished.

Notes
Turn   | Place    | Note
-------+----------+-------------------------------------------
     0 | D:1      | BruiteIIa the Gnoll Skald began the quest for the Orb.
     0 | D:1      | Reached XP level 1. HP: 20/20 MP: 6/6
    91 | D:1      | Reached XP level 2. HP: 25/26 MP: 7/7
   474 | D:1      | Slain by a rat

Vault maps used:
D:1:      grunt_arrival_lava_bath, serial_forest, infiniplex_forest_clump_long,
          infiniplex_forest_3_way, infiniplex_forest_straight_2,
          infiniplex_forest_clump_C, infiniplex_forest_clump_curved,
          infiniplex_forest_clump_small, infiniplex_forest_split, st_stairs_1

Action                   || total
-------------------------++-------
Melee: Mace              ||    47
       Bite              ||     4
 Cast: Infusion          ||     2
  Use: Potion            ||     1
Armor: Leather armour    ||    23
Dodge: Dodged            ||    69

Table legend:
 A = Spawn XP
 B = Non-spawn XP
 C = Spawn XP percentage of total XP
 D = Spawn monster count
 E = Non-spawn monster count
 F = Spawn count percentage of total count
 G = Total turns spent on level
                    A         B        C        D         E        F      G
               +---------+---------+-------+---------+---------+-------+---------
         Total |       0 |      29 |   0.0 |       0 |      13 |   0.0 |   474
               +---------+---------+-------+---------+---------+-------+---------
           D:1 |       0 |      29 |   0.0 |       0 |      13 |   0.0 |   474
               +---------+---------+-------+---------+---------+-------+---------
